 Dungeon Crawl Stone Soup version 0.20.0-10-g0535bb4 (webtiles) character file.

2788 QuCean the Chiller (level 9, 0/72 HPs)
             Began as a Grey Draconian Ice Elementalist on June 7, 2017.
             Was a Follower of Vehumet.
             Killed by nerve-wracking pain
             ... invoked by an orc priest
              (10 damage)
             ... on level 7 of the Dungeon.
             The game lasted 01:03:11 (9903 turns).

QuCean the Chiller (DrIE)                           Turns: 9903, Time: 01:03:12

Health: 0/72       AC: 16    Str: 10    XL:     9   Next: 43%
Magic:  4/17       EV: 14    Int: 19    God:    Vehumet [*.....]
Gold:   411        SH:  6    Dex: 12    Spells: 2/19 levels left

rFire    + . .     SeeInvis .   F - +1 falchion (elec)
rCold    . . .     Gourm    .   s - +2 buckler {rF+}
rNeg     . . .     Faith    .   (armour unavailable)
rPois    .         Spirit   .   (helmet restricted)
rElec    .         Reflect  .   (no cloak)
rCorr    .         Harm     .   (no gloves)
MR       .....                  u - +0 pair of boots
Stlth    ++........             e - amulet of regeneration
Regen    0.7/turn               l - +3 ring of protection
MPRegen  0.2/turn               (no ring)

@: drained
A: walk through water, unfitting armour, stinger 1, unbreathing, cold-blooded,
AC +12
a: Renounce Religion


You were on level 7 of the Dungeon.
You worshipped Vehumet.
Vehumet was aware of your devotion.
You were not hungry.

You visited 2 branches of the dungeon, and saw 9 of its levels.
You also visited: Ossuary.

You collected 411 gold pieces.

Inventory:

Hand Weapons
 i - a +0 long sword
 p - a +0 falchion
 F - a +1 falchion of electrocution (weapon)
Armour
 c - a cursed +0 plate armour
 s - a +2 buckler of fire resistance (worn)
 u - a +0 pair of boots (worn)
Magical Staves
 z - an uncursed staff of wizardry
Jewellery
 e - an amulet of regeneration (around neck)
 l - a +3 ring of protection (left hand)
Wands
 r - a wand of random effects (11/48)
 t - a wand of random effects (22/48)
 A - a wand of lightning (7/15)
 K - a wand of acid (4/15)
Scrolls
 h - a scroll of remove curse
 n - 2 scrolls of enchant weapon {unknown}
 o - a scroll of magic mapping
 q - a scroll of random uselessness {unknown}
 y - 4 scrolls of teleportation {unknown}
 B - 2 scrolls of enchant armour {unknown}
 C - a scroll of immolation {unknown}
 E - 3 scrolls of identify
Potions
 f - a potion of ambrosia {unknown}
 g - 3 potions of cancellation {unknown}
 k - 2 potions of brilliance {unknown}
 m - 2 potions of mutation {unknown}
 v - a potion of might {unknown}
 w - a potion of heal wounds {unknown}
 D - 2 potions of magic {unknown}
 G - a potion of agility {unknown}
 H - a potion of curing {unknown}
Books
 a - a book of Frost

   Spells                             Type                      Level
   a - Freeze                         Ice                          1
   b - Throw Frost                    Conjuration/Ice              2
   c - Ozocubu's Armour               Charms/Ice                   3
   d - Throw Icicle                   Conjuration/Ice              4
   e - Summon Ice Beast               Ice/Summoning                4
 J - a book of Flames

   Spells                             Type                      Level
   a - Flame Tongue                   Conjuration/Fire             1
   b - Throw Flame                    Conjuration/Fire             2
   c - Conjure Flame                  Conjuration/Fire             3
   d - Inner Flame                    Hexes/Fire                   3
   e - Sticky Flame                   Conjuration/Fire             4
   f - Fireball                       Conjuration/Fire             5
Comestibles
 b - 4 bread rations
 d - 5 meat rations
 j - 2 fruits


   Skills:
 * Level 4.5(4.1) Fighting
 * Level 4.2(3.8) Long Blades
 + Level 1.5(1.1) Staves
 * Level 5.0(4.6) Dodging
 + Level 2.4(2.1) Stealth
 * Level 4.0(3.6) Shields
 + Level 5.8(5.4) Spellcasting
 + Level 1.6(1.2) Conjurations
 + Level 2.4(2.0) Summonings
 * Level 0.8(0.4) Fire Magic
 + Level 6.3(6.0) Ice Magic


You had 2 spell levels left.
You knew the following spells:

 Your Spells              Type           Power        Failure   Level  Hunger
a - Freeze                Ice            ####         1%          1    None
b - Throw Frost           Conj/Ice       ###...       4%          2    None
c - Summon Ice Beast      Ice/Summ       ###.....     22%         4    ####...
d - Throw Icicle          Conj/Ice       ###.....     26%         4    ####...
e - Sandblast             Erth           #.....       12%         1    None
f - Flame Tongue          Conj/Fire      #....        9%          1    None
g - Sticky Flame          Conj/Fire      #.......     63%         4    ####...


Dungeon Overview and Level Annotations

Branches:
Dungeon (8/15)             Temple (1/1) D:7            Lair (0/6) D:8

Altars:
Ashenzari
Cheibriados
Dithmenos
Elyvilon
Fedhas
Hepliaklqana
Kikubaaqudgha
Makhleb
Nemelex Xobeh
Okawaru
Qazlal
Ru
Sif Muna
Trog
Uskayaw
Vehumet
Xom
Yredelemnul
Zin
The Shining One

Shops:
D:6 *   D:7 %   D:8 *

Annotations:
D:8 siprus's ghost, novice DsAK


Innate Abilities, Weirdness & Mutations

You can walk through water.
Your dull iron-grey scales are very hard. (AC +12)
You cannot fit into any form of body armour.
You can survive without breathing.
You are cold-blooded and may be slowed by cold attacks.
Your tail ends in a poisonous barb.


Message History

Evoking this partially-identified wand wasted a few charges.
You block the orc priest's attack. The orc warrior barely misses you.
You riposte.
You hit the orc warrior.
The orc warrior is heavily wounded.
Evoke which item? (* to show all) (? for menu, Esc to quit)
Aiming: Corrosive Bolt (will waste charges)
Press: ? - help, Shift-Dir - straight line, f/p - orc warrior
Aim: an orc warrior, wielding a flail and wearing a chain mail (heavily wounded)
The bolt of acid hits the orc warrior.
The orc warrior is splashed with acid.
You kill the orc warrior!
Vehumet accepts your kill.
Your base Dodging skill increases to level 5!
Evoking this partially-identified wand wasted a few charges.
The orc priest mumbles some strange prayers to Beogh against you.
Pain shoots through your body!
* * * LOW HITPOINT WARNING * * *
The warg barely misses you.
The orc priest calls down the wrath of Beogh upon you.
Pain shoots through your body!
You die...

≈###'# ≈≈.#.# ≈≈.#.#
≈§.#.# ≈≈.# ....' ≈≈.#
....# ≈≈.#o## ######....#
≈≈.#... . #.oh[#....#
Y≈.#.. ....#.##@#....#
≈###'# .....oo..#....#
≈#o..#############''''###
≈#.oo#)).o....†..........
≈#####≈oo≈≈≈≈≈≈≈≈h.†..≈≈≈
≈≈≈≈≈§≈≈≈≈≈≈≈≈≈≈≈≈....≈≈≈
≈≈≈≈≈≈≈≈≈≈≈≈≈≈≈≈)≈....≈≈≈
P......[o................
....hh..#####.#..........


You could see a warg, 2 orc priests and an orc.

Vanquished Creatures
  5 wargs (D:7)
  2 orc warriors
  An ogre (D:4)
  2 sky beasts
  A necrophage (D:8)
  A bullfrog (D:7)
  A scorpion (D:5)
  3 killer bees (D:7)
  2 wights (D:7)
  A crimson imp (D:4)
  2 centaur skeletons (D:4)
  An orc priest (D:7)
  7 orc wizards
  3 bullfrog skeletons
  Jessica (D:2)
  Ijyb (D:3)
  Terence (D:2)
  3 iguanas
  4 worker ants
  A hound zombie (D:7)
  Robin (D:2)
  3 gnolls (D:7)
  6 adders
  2 shadow imps (D:7)
  An ooze (D:1)
  An adder zombie (D:6)
  2 worms
  2 dart slugs (D:1)
  A leopard gecko (D:3)
  21 orcs
  4 giant cockroaches
  19 goblins
  9 hobgoblins
  3 jackals (D:7)
  5 kobolds
  5 bats
  5 frilled lizards
  A leopard gecko zombie (D:7)
  9 rats
143 creatures vanquished.

Vanquished Creatures (collateral kills)
  Prince Ribbit (D:6)
  3 wargs (D:7)
  A sky beast (D:6)
  An ogre (D:5)
  A bullfrog (D:7)
  An orc priest (D:7)
  An orc wizard (D:8)
  3 worker ants
  11 orcs
  A jackal (D:7)
  A quokka (D:7)
  6 hobgoblin zombies (Ossuary)
  6 kobold zombies (Ossuary)
  2 orc zombies (Ossuary)
39 creatures vanquished.

Grand Total: 182 creatures vanquished

Notes
Turn   | Place    | Note
-------+----------+-------------------------------------------
     0 | D:1      | QuCean the Draconian Ice Elementalist began the quest for the Orb.
     0 | D:1      | Reached XP level 1. HP: 14/14 MP: 3/3
   306 | D:1      | Reached XP level 2. HP: 11/20 MP: 1/5
   747 | D:1      | Learned a level 2 spell: Throw Frost
   818 | D:1      | Reached XP level 3. HP: 26/26 MP: 2/6
  1402 | D:2      | Found a shattered altar of Ashenzari.
  1609 | D:2      | Reached skill level 4 in Ice Magic
  1707 | D:2      | Noticed Terence
  1716 | D:2      | Killed Terence
  1716 | D:2      | Reached XP level 4. HP: 26/33 MP: 0/8
  1855 | D:2      | Noticed Jessica
  1861 | D:2      | Killed Jessica
  1863 | D:2      | Noticed Robin
  2261 | D:2      | Learned a level 4 spell: Summon Ice Beast
  2269 | D:2      | Reached XP level 5. HP: 38/38 MP: 1/9
  2363 | D:2      | Killed Robin
  2550 | D:3      | Found a shattered altar of Ashenzari.
  2612 | D:3      | Noticed Ijyb
  2619 | D:3      | Killed Ijyb
  3201 | D:3      | Found a faded altar of an unknown god.
  3579 | D:3      | Learned a level 4 spell: Throw Icicle
  3669 | D:4      | Reached skill level 1 in Summonings
  3864 | D:4      | Reached XP level 6. HP: 46/46 MP: 0/11
  3874 | D:4      | Noticed Grinder
  4049 | D:5      | Entered Level 5 of the Dungeon
  4157 | D:5      | Reached skill level 1 in Long Blades
  4793 | D:5      | Reached skill level 1 in Fighting
  4793 | D:5      | Reached skill level 1 in Shields
  4793 | D:5      | Reached skill level 5 in Ice Magic
  5255 | D:5      | Noticed an orc warrior
  5277 | D:5      | Killed an orc warrior
  5277 | D:5      | Your scales start taking on a dull iron-grey colour.
  5277 | D:5      | Reached XP level 7. HP: 41/52 MP: 1/13
  5277 | D:5      | Gained mutation: You can survive without breathing. [Grey Draconian growth]
  5542 | D:6      | Found a sand-covered staircase.
  5571 | Ossuary  | Entered an ossuary
  6256 | D:6      | Found Vasiq's Assorted Antiques.
  6419 | D:6      | Noticed Prince Ribbit
  6430 | D:6      | Killed Prince Ribbit
  6670 | D:4      | Reached skill level 1 in Staves
  6861 | D:4      | Found a hazy altar of Hepliaklqana.
  6861 | D:4      | Found an iron altar of Okawaru.
  6866 | D:4      | Found a stormy altar of Qazlal.
  6868 | D:4      | Found a hide-covered altar of Uskayaw.
  6869 | D:4      | Found a white marble altar of Elyvilon.
  7623 | D:5      | Reached XP level 8. HP: 62/62 MP: 8/14
  7884 | D:7      | Found Ehanud's Food Shoppe.
  7887 | D:7      | Found a staircase to the Ecumenical Temple.
  7988 | Temple   | Entered the Ecumenical Temple
  8057 | Temple   | Became a worshipper of Vehumet
  8339 | D:7      | Reached skill level 5 in Spellcasting
  8745 | D:7      | Noticed an orc knight
  8751 | D:7      | Reached XP level 9. HP: 68/71 MP: 3/17
  8779 | D:7      | Noticed an orc knight
  8932 | D:8      | Reached skill level 6 in Ice Magic
  9081 | D:8      | Gained mutation: Your tail ends in a poisonous barb. [mutagenic meat]
  9106 | D:8      | Found Hats's General Store.
  9150 | D:8      | Reached * piety under Vehumet
  9150 | D:8      | Offered knowledge of Sandblast by Vehumet.
  9171 | D:8      | Learned a level 1 spell: Sandblast
  9425 | D:8      | Learned a level 1 spell: Flame Tongue
  9430 | D:8      | Learned a level 4 spell: Sticky Flame
  9442 | D:8      | Found a staircase to the Lair.
  9557 | D:8      | Noticed siprus's ghost (novice DsAK)
  9902 | D:7      | Reached skill level 5 in Dodging
  9903 | D:7      | Killed from afar by an orc priest

Skill      XL: |  1  2  3  4  5  6  7  8  9 |
---------------+----------------------------+-----
Dodging        | 2 3 4 5 |  5.0
Ice Magic      | 4 5 6 |  6.3
Spellcasting   | 3 4 5 |  5.8
Stealth        | 2 |  2.4
Summonings     | 1 2 |  2.4
Long Blades    | 1 3 4 |  4.2
Fighting       | 1 2 4 |  4.5
Shields        | 1 2 3 4 |  4.0
Staves         | 1 |  1.5
Conjurations   | |  1.6
Fire Magic     | |  0.8

Action                   |  1- 3 |  4- 6 |  7- 9 || total
-------------------------+-------+-------+-------++-------
Melee: Unarmed           |    38 |       |       ||    38
       Tailslap          |     3 |     5 |    32 ||    40
       Falchion          |       |    29 |   109 ||   138
       Staff             |       |    26 |   100 ||   126
 Cast: Freeze            |    53 |    71 |    92 ||   216
       Throw Frost       |     3 |    25 |    27 ||    55
       Throw Icicle      |       |     2 |     7 ||     9
       Summon Ice Beast  |       |     6 |    43 ||    49
Evoke: Wand              |       |       |     2 ||     2
  Use: Scroll            |     6 |     1 |     3 ||    10
 Stab: Sleeping          |     1 |     2 |     1 ||     4
  Eat: Chunk             |     3 |    10 |    12 ||    25
       Fruit             |       |     2 |     4 ||     6
       Royal jelly       |       |     1 |     1 ||     2
       Meat ration       |       |       |     2 ||     2
Armor: Skin              |    23 |    33 |   178 ||   234
Dodge: Dodged            |    51 |    70 |   231 ||   352
Block: Buckler           |       |    10 |   130 ||   140
       Rpst.: Falchion   |       |    13 |    20 ||    33
